 Dungeon Crawl Stone Soup version 0.31-a0-145-g046c7d2549 (webtiles) character file.

Game seed: 3052973109930077467

106 Ijustatesigmund the Stinger (level 4, 0/28 HPs)
             Began as an Octopode Venom Mage on June 7, 2023.
             Slain by an orc wizard
             ... wielding a +0 dagger
              (3 damage)
             ... on level 3 of the Dungeon.
             The game lasted 00:04:30 (2468 turns).

Ijustatesigmund the Stinger (Octopode Venom Mage)   Turns: 2468, Time: 00:04:31

Health: 0/28       AC:  1    Str:  4 (7)  XL:     4   Next: 84%
Magic:  2/8        EV: 13    Int: 17 (19) God:
Gold:   151        SH:  0    Dex: 10 (12) Spells: 2/8 levels left

rFire   + . .        i - +0 spear
rCold   . . .        (no shield)
rNeg    . . .        (helmet restricted)
rPois   .            g - amulet of regeneration
rElec   .            j - ring of willpower
rCorr   .            k - ring of protection from fire
SInv    .            (no ring)
Will    +....        (no ring)
Stlth   +++          (no ring)
HPRegen 1.04/turn    (no ring)
MPRegen 0.11/turn    (no ring)
                     (no ring)

%: no passive effects
@: no status effects
A: almost no armour, amphibious, 8 rings, camouflage 1, gelatinous body 1,
(nimble swimmer 1), tentacles
a: no special abilities


You were on level 3 of the Dungeon.
You visited 1 branch of the dungeon, and saw 3 of its levels.

You collected 187 gold pieces.
You spent 36 gold pieces at shops.

Inventory:

Hand Weapons
 i - a +0 spear (weapon)
Jewellery
 g - an amulet of regeneration (around mantle)
 j - a ring of willpower (left tentacle)
 k - a ring of protection from fire (right tentacle)
Scrolls
 d - a scroll of fog {unknown}
 f - a scroll of enchant weapon {unknown}
Potions
 a - 2 potions of magic
 b - 2 potions of degeneration
 c - a potion of curing
 e - a potion of mutation {unknown}
 h - a potion of attraction {unknown}
 l - a potion of enlightenment {unknown}
 m - a potion of cancellation {unknown}


   Skills:
 - Level 1.1 Fighting
 - Level 2.0 Dodging
 - Level 2.6 Stealth
 + Level 2.7 Spellcasting
 + Level 1.1 Conjurations
 + Level 2.2 Transmutations
 + Level 1.5 Air Magic
 + Level 4.0 Poison Magic


You had 2 spell levels left.
You knew the following spells:

 Your Spells              Type           Power      Damage    Failure   Level
a - Sting                 Tmut/Pois      52%        1d5       4%          1
b - Poisonous Vapours     Pois/Air       22%        N/A       9%          2
c - Mephitic Cloud        Conj/Pois/Air  10%        N/A       22%         3

Your spell library contained the following spells:

 Spells                   Type           Power      Damage    Failure   Level
 Necrotise                Necr           8%         1d4       19%         1
 Olgreb's Toxic Radiance  Pois           16%        N/A       32%         4
 Dazzling Flash           Conj/Hex       8%         N/A       38%         3
 Vampiric Draining        Necr           2%         2d6       47%         3
 Freezing Cloud           Conj/Ice/Air   2%         6-21      98%         5
 Silence                  Hex/Air        2%         N/A       98%         5
 Agony                    Necr           2%         N/A       99%         5


Dungeon Overview and Level Annotations

Branches:
Dungeon (3/15)

Altars:
Hepliaklqana
Nemelex Xobeh
Vehumet

Shops:
D:2 !


Innate Abilities, Weirdness & Mutations

You cannot wear most types of armour.
You are amphibious.
You can wear up to eight rings at the same time.
Your skin changes colour to match your surroundings (Stealth+).
Your rubbery body absorbs attacks. (AC +1, EV +1)
((You are camouflaged when in or above water. (Stealth+)))
You have tentacles for arms and can constrict up to eight enemies at once.


Message History

The orc hits you with a +0 dagger.
You hit the orc priest but do no damage.
You tentacle-slap the orc priest.
The orc priest is severely wounded.
You constrict the orc priest.
The orc priest mumbles some strange prayers to Beogh against you.
Beogh smites you!
You are too injured to fight recklessly!
You are too injured to fight recklessly!
You hit the orc priest.
You kill the orc priest!
The orc hits you with a +0 dagger.
The orc wizard hits you with a +0 dagger.
* * * LOW HITPOINT WARNING * * *
Your Conjurations skill increases to level 1!
Your Poison Magic skill increases to level 4!
Casting: Poisonous Vapours (safe; 8% risk of failure)
Confirm with . or Enter, or press ? or * to list all spells.
Aiming: Poisonous Vapours (safe; 8% risk of failure)
Press: ? - help, Dir - move target, f - orc wizard
Aim: an orc wizard, wielding a +0 dagger and wearing a +0 robe Poisonous vapours surround the orc wizard!
The orc wizard is poisoned.
The orc hits you with a +0 dagger.
* * * LOW HITPOINT WARNING * * *
The orc wizard hits you with a +0 dagger.
* * * LOW HITPOINT WARNING * * *
You feel better. The orc barely misses you. The orc wizard closely misses you.
You barely miss the orc wizard. Your grab misses the orc wizard.
The orc wizard is lightly wounded.
The orc hits you with a +0 dagger. The orc wizard casts a spell at you.
The magic dart hits you!
* * * LOW HITPOINT WARNING * * *
It was a potion of degeneration.
There was something very wrong with that liquid.
You feel weakened.
You feel dopey.
You feel clumsy. The orc hits you with a +0 dagger.
* * * LOW HITPOINT WARNING * * *
The orc wizard hits you with a +0 dagger.
You die...

.'.'..........#
.###........†.#
.# #..........#
.# ####'#######
##
#.##############
#..............#
#######........#
#)..†....#
#...@o...#
#...)o......
#.........##
#.........#
#...#+###.#
#...# ... #...
#. #...


You could see an orc wizard (poisoned) and an orc.

Vanquished Creatures
  An orc priest (D:3)
  3 adders
  A worm (D:2)
  6 orcs (D:3)
  5 ball pythons
  5 bats
  2 endoplasms
  A giant cockroach (D:2)
  7 goblins
  A hobgoblin (D:3)
  2 quokkas (D:1)
  3 frilled lizards
  2 kobolds (D:2)
  4 rats (D:2)
43 creatures vanquished.

Notes
Turn   | Place    | Note
-------+----------+-------------------------------------------
     0 | D:1      | Ijustatesigmund the Octopode Venom Mage began the quest for
                  | the Orb.
     0 | D:1      | Reached XP level 1. HP: 11/11 MP: 3/3
   374 | D:1      | Reached XP level 2. HP: 12/18 MP: 0/5
   377 | D:1      | Learned a level 2 spell: Poisonous Vapours
   674 | D:2      | Reached skill level 1 in Fighting
   754 | D:2      | Reached XP level 3. HP: 23/23 MP: 4/6
   758 | D:2      | Learned a level 3 spell: Mephitic Cloud
  1085 | D:2      | Found Hashameo's Distillery.
  1148 | D:2      | Bought a potion of curing for 36 gold pieces
  1167 | D:2      | Reached skill level 1 in Air Magic
  1893 | D:3      | Reached XP level 4. HP: 28/28 MP: 0/7
  2166 | D:3      | Found a radiant altar of Vehumet.
  2168 | D:3      | Found a hazy altar of Hepliaklqana.
  2168 | D:3      | Found a sparkling altar of Nemelex Xobeh.
  2465 | D:3      | Reached skill level 1 in Conjurations
  2465 | D:3      | Reached skill level 4 in Poison Magic
  2468 | D:3      | Slain by an orc wizard

Illustrated notes

Levels and vault maps discovered:
D:1:      wander_arrival_chamber, layout_rooms
D:2:      layout_basic, serial_shops, nicolae_shop_statue_plus
D:3:      layout_basic, chequers_temple_overflow_statue_of_worship

Skill      XL: |  1  2  3  4 |
---------------+-------------+-----
Fighting       | 1 |  1.1
Air Magic      | 1 |  1.5
Transmutations | 2 |  2.2
Conjurations   | 1 |  1.1
Poison Magic   | 4 |  4.0
Dodging        | |  2.0
Stealth        | |  2.6
Spellcasting   | |  2.7

Action                     |  1- 3 |  4- 6 || total
---------------------------+-------+-------++-------
  Melee: Unarmed           |    16 |       ||    16
         Constrict         |    10 |     3 ||    13
         Tentacles         |     7 |     1 ||     8
         Spear             |    16 |    22 ||    38
         Short sword       |     8 |       ||     8
         Punch             |       |     1 ||     1
   Cast: Sting             |    25 |       ||    25
         Poisonous Vapours |    16 |    11 ||    27
         Mephitic Cloud    |     1 |       ||     1
    Use: Potion            |       |     2 ||     2
   Stab: Sleeping          |     1 |     1 ||     2
 Armour: Skin              |     3 |       ||     3
  Dodge: Dodged            |    12 |     8 ||    20

Table legend: (Time is in decaauts)
 A = Elapsed time spent in this place.
 B = Non-inter-level travel time spent in this place.
 C = Inter-level travel time spent in this place.
 D = Time resting spent in this place.
 E = Time spent auto-exploring this place.
 F = Levels seen in this place.
 G = Mean time per level.
                   A        B        C        D        E       F      G
               +--------+--------+--------+--------+--------+-----+--------+
         Total |   2469 |   2436 |     33 |    520 |   1619 |   3 |  823.0 |
       Dungeon |   2469 |   2436 |     33 |    520 |   1619 |   3 |  823.0 |
               +--------+--------+--------+--------+--------+-----+--------+

Top non-repeatable levels by time:
     D:2: 1192 daAuts
     D:1: 671 daAuts
     D:3: 605 daAuts
